 Dungeon Crawl Stone Soup version 0.28-a0-823-gb444dcf96d (webtiles) character file.

Game seed: 17582174436999035118

105 siradein the Ruffian (level 4, -1/36 HPs)
             Began as a Draconian Transmuter on Nov 10, 2021.
             Succumbed to an adder's poison
             ... on level 3 of the Dungeon.
             The game lasted 00:03:28 (2559 turns).

siradein the Ruffian (Draconian Transmuter)         Turns: 2559, Time: 00:03:29

Health: -1/36      AC:  6    Str: 14    XL:     4   Next: 53%
Magic:  7/7        EV: 12    Int: 13    God:
Gold:   37         SH:  0    Dex: 11    Spells: 5/8 levels left

rFire   . . .      SeeInvis .   f - +2 short sword (freeze)
rCold   . . .      Faith    .   (no shield)
rNeg    . . .      Spirit   .   (armour unavailable)
rPois   .          Reflect  .   (helmet restricted)
rElec   .          Harm     .   (no cloak)
rCorr   .          Rampage  .   (no gloves)
Will    .....                   k - +0 pair of boots
Stlth   +.........              (no amulet)
HPRegen 0.12/turn               (no ring)
MPRegen 0.10/turn               (no ring)

@: lethally poisoned (-1 -> -12), hasted, very quick
A: AC +5, unfitting armour, cold-blooded
a: no special abilities


You were on level 3 of the Dungeon.
You visited 1 branch of the dungeon, and saw 3 of its levels.

You collected 37 gold pieces.

Inventory:

Hand Weapons
 f - a +2 short sword of freezing (weapon)
Missiles
 c - 6 silver javelins
Armour
 k - a +0 pair of boots (worn)
Scrolls
 d - a scroll of magic mapping {unknown}
 e - a scroll of immolation {unknown}
 g - a scroll of fog {unknown}
 j - a scroll of identify {unknown}
Potions
 a - a potion of haste
 b - a potion of mutation {unknown}
 h - 2 potions of flight {unknown}
 i - a potion of brilliance {unknown}


   Skills:
 + Level 2.3 Fighting
 + Level 2.4 Dodging
 + Level 3.6 Unarmed Combat
 + Level 2.6 Spellcasting
 + Level 2.7 Transmutations


You had 5 spell levels left.
You knew the following spells:

 Your Spells              Type           Power      Damage    Failure   Level
a - Beastly Appendage     Tmut           16%        N/A       8%          1
b - Wereblood             Tmut           8%         N/A       12%         2

Your spell library contained the following spells:

 Spells                   Type           Power      Damage    Failure   Level
 Spider Form              Tmut/Pois      5%         N/A       38%         3
 Ice Form                 Ice/Tmut       5%         N/A       80%         4


Dungeon Overview and Level Annotations

Branches:
Dungeon (3/15)

Altars:
Uskayaw

Annotations:
D:2 1 runed translucent door, Crazy Yiuf


Innate Abilities, Weirdness & Mutations

Your plain brown scales are hard. (AC +5)
You cannot fit into any form of body armour.
You are cold-blooded and may be slowed by cold attacks.


Message History

The adder bites you.
You are poisoned.
The adder poisons you!
You miss the adder. Your kick misses the adder. Your headbutt misses the adder.
You feel sick. The adder bites you.
You are more poisoned.
The adder poisons you! The adder closely misses you.
You hit the adder but do no damage. Your headbutt misses the adder.
You feel sick. The adder barely misses you.
You closely miss the adder.
You feel sick. The adder barely misses you. The adder bites you.
You are more poisoned.
The adder poisons you!
You barely miss the adder. Your kick misses the adder.
Your headbutt misses the adder.
You feel sick. The adder bites you.
You are more poisoned.
The adder poisons you!
You are too injured to fight recklessly!
You are too injured to fight recklessly!
You hit the adder. You freeze the adder.
The adder is moderately wounded.
You feel very sick. The adder closely misses you. The adder bites you.
You are lethally poisoned!
The adder poisons you!
You hit the adder.
The adder seems to slow down.
You freeze the adder. You claw the adder, but do no damage.
Your headbutt misses the adder.
The adder is severely wounded.
* * * LOW HITPOINT WARNING * * *
You feel very sick. The adder bites you.
* * * LOW HITPOINT WARNING * * *
You barely miss the adder.
The adder is severely wounded.
* * * LOW HITPOINT WARNING * * *
You feel very sick.
It was a potion of haste.
You feel yourself speed up.
Your horns disappear.
Your talons disappear.
Your +0 pair of boots unmelds from your body.
You die...

...# ..#
..# ...
#.# #.#
#S#
####.#@#
#... #.#
###.####.#
#<.......#
##.#######
#<..#
+...#
###.# .#


You could see an adder (slow).

Vanquished Creatures
  3 adders (D:2)
  A worm (D:2)
  5 dart slugs
  7 ball pythons
  5 endoplasms
  3 giant cockroaches (D:1)
  6 goblins
  5 hobgoblins
  4 jackals (D:2)
  5 kobolds
  2 quokkas (D:1)
  6 bats
  5 frilled lizards
  3 rats
60 creatures vanquished.

Vanquished Creatures (others)
  5 toadstools (D:1)
5 creatures vanquished.

Grand Total: 65 creatures vanquished

Notes
Turn   | Place    | Note
-------+----------+-------------------------------------------
     0 | D:1      | siradein the Draconian Transmuter began the quest for the
                  | Orb.
     0 | D:1      | Reached XP level 1. HP: 16/16 MP: 3/3
   163 | D:1      | Reached XP level 2. HP: 13/23 MP: 3/5
   496 | D:1      | Learned a level 2 spell: Wereblood
   765 | D:1      | Reached XP level 3. HP: 28/29 MP: 4/6
  1273 | D:2      | Found a hide-covered altar of Uskayaw.
  1663 | D:2      | Found a faded altar of an unknown god.
  1750 | D:2      | Reached XP level 4. HP: 19/36 MP: 7/7
  2345 | D:2      | Found a runed translucent door.
  2346 | D:2      | Noticed Crazy Yiuf
  2559 | D:3      | Succumbed to an adder's poison

Illustrated notes

Levels and vault maps discovered:
D:1:      ldierk_walled_garden, layout_loops_cross, serial_rivers,
          chequers_serial_rivers_micro_c, chequers_serial_rivers_room_a,
          chequers_serial_rivers_room_b, chequers_serial_rivers_small_b,
          amcnicky_mini_corridor_feature
D:2:      layout_basic, basic_altar, shapermc_ecumenical_altar_ellora,
          hex_medium, minmay_misc_feat_secret_circle, minmay_strange_pillars,
          uniq_crazy_yiuf_cottage
D:3:      layout_basic, minmay_misc_feat_hallway

Skill      XL: |  1  2  3 |
---------------+----------+-----
Dodging        | 2 |  2.4
Fighting       | 2 |  2.3
Unarmed Combat | |  3.6
Spellcasting   | |  2.6
Transmutations | |  2.7

Action                   |  1- 3 |  4- 6 || total
-------------------------+-------+-------++-------
Melee: Unarmed           |    39 |       ||    39
       Tailslap          |     8 |     3 ||    11
       Kick              |     9 |     3 ||    12
       Headbutt          |     7 |     2 ||     9
       Short sword       |    64 |    44 ||   108
 Cast: Beastly Appendage |    20 |     4 ||    24
  Use: Potion            |       |     1 ||     1
Armor: Skin              |    37 |    10 ||    47
Dodge: Dodged            |    63 |    21 ||    84

Table legend: (Time is in decaauts)
 A = Elapsed time spent in this place.
 B = Non-inter-level travel time spent in this place.
 C = Inter-level travel time spent in this place.
 D = Time resting spent in this place.
 E = Time spent auto-exploring this place.
 F = Levels seen in this place.
 G = Mean time per level.
                   A        B        C        D        E       F      G
               +--------+--------+--------+--------+--------+-----+--------+
         Total |   2575 |   2529 |     46 |      6 |   2125 |   3 |  858.3 |
       Dungeon |   2575 |   2529 |     46 |      6 |   2125 |   3 |  858.3 |
               +--------+--------+--------+--------+--------+-----+--------+

Top non-repeatable levels by time:
     D:2: 1304 daAuts
     D:1: 1247 daAuts
     D:3: 24 daAuts
